 Dungeon Crawl Stone Soup version 0.30-a0-760-g5a9884bb7c (webtiles) character file.

Game seed: 2944418953718087579

24 Angani the Magician (level 2, -1/20 HPs)
             Began as a Draconian Hedge Wizard on Feb 10, 2023.
             Slain by a hobgoblin (3 damage)
             ... on level 1 of the Dungeon.
             The game lasted 00:01:28 (530 turns).

Angani the Magician (Draconian Hedge Wizard)         Turns: 530, Time: 00:01:29

Health: -1/20      AC:  4    Str: 12    XL:     2   Next: 79%
Magic:  1/6        EV: 12    Int: 14    God:
Gold:   26         SH:  0    Dex: 10    Spells: 6/7 levels left

rFire   . . .      SeeInvis .    d - +0 short sword (elec)
rCold   . . .      Faith    .    (no shield)
rNeg    . . .      Spirit   .    (body armour unavailable)
rPois   .          Reflect  .    b - +0 hat
rElec   .          Harm     .    (no cloak)
rCorr   .          Rampage  .    (no gloves)
Will    .....                    (no boots)
Stlth   ++                       (no amulet)
HPRegen 0.23/turn                (no ring)
MPRegen 0.10/turn                (no ring)

@: slowed, very slow
A: AC +4, unfitting armour, cold-blooded
a: no special abilities


You were on level 1 of the Dungeon.
You visited 1 branch of the dungeon, and saw 1 of its levels.

You collected 26 gold pieces.

Inventory:

Hand Weapons
 d - a +0 short sword of electrocution (weapon)
Armour
 b - a +0 hat (worn)
Potions
 c - a potion of magic


   Skills:
 - Level 1.7 Dodging
 - Level 1.7 Stealth
 + Level 3.4 Spellcasting
 + Level 2.1 Conjurations
 - Level 1.0 Summonings
 - Level 1.0 Translocations


You had 6 spell levels left.
You knew the following spells:

 Your Spells              Type           Power      Damage    Failure   Level
a - Magic Dart            Conj           32%        1d4       9%          1

Your spell library contained the following spells:

 Spells                   Type           Power      Damage    Failure   Level
 Slow                     Hex            8%         N/A       21%         1
 Blink                    Tloc           10%        N/A       21%         2
 Call Imp                 Summ           5%         N/A       21%         2
 Cigotuvi's Dreadful Rot  Necr/Pois/Air  4%         N/A       30%         2
 Mephitic Cloud           Conj/Pois/Air  4%         N/A       43%         3


Dungeon Overview and Level Annotations

Branches:
Dungeon (1/15)

Altars:


Innate Abilities, Weirdness & Mutations

Your plain brown scales are hard. (AC +4)
You cannot fit into any form of body armour.
You are cold-blooded and may be slowed by cold attacks.


Message History

You kill the bat!
You start resting.
An endoplasm comes into view.
Aiming: Magic Dart (safe; 9% risk of failure)
Press: ? - help, Q - select action Shift-Dir - straight line, f - endoplasm
Aim: an endoplasm (wandering, hasn't noticed you, 100% to hit)
The magic dart hits the endoplasm.
The endoplasm is moderately wounded.
The endoplasm quivers.
A hobgoblin comes into view.
Unknown command.
You don't have enough magic to cast this spell.
An endoplasm comes into view.
Your magical contamination has completely faded away.
Found 3 poisoned darts.
The endoplasm freezes you.
You are frozen.
You barely miss the endoplasm.
The endoplasm is moderately wounded.
The endoplasm hits you. The hobgoblin barely misses you.
The endoplasm quivers.
You hit the endoplasm.
The endoplasm is heavily wounded.
The endoplasm freezes you.
You are frozen.
You feel yourself slow down. The hobgoblin closely misses you.
You hit the endoplasm but do no damage.
The endoplasm is heavily wounded.
The hobgoblin barely misses you. The endoplasm freezes you.
You are frozen.
* * * LOW HITPOINT WARNING * * *
You feel as though you will be slow longer.
The endoplasm freezes you.
You are frozen.
* * * LOW HITPOINT WARNING * * *
The hobgoblin hits you.
* * * LOW HITPOINT WARNING * * *
The endoplasm hits you but does no damage.
The hobgoblin hits you.
You die...

.#...#...# #.# .#...#...# ####
#.# .#...##'### ... ....# #.#
.#..###..# .##.## #.#.# #.#
.##'#....# ....###.#.# #.#
##......## ##...##.#.# #.#
......### #....##...# #.#
..###########..#.##...######†####
### .......Jg@................
..####..J.........###.###.
...†.....#..........# #.
...###.#.##...######## #. .(.
#......).# #. .#
#.#.##...##########.
...#.##.........)....
...........#..######## ##
#.##...#..#


You could see 2 endoplasms and a hobgoblin.

Vanquished Creatures
  A gnoll (D:1)
  A bat (D:1)
  An endoplasm (D:1)
  A hobgoblin (D:1)
  2 jackals (D:1)
  2 kobolds (D:1)
  3 ball pythons (D:1)
  2 frilled lizards (D:1)
13 creatures vanquished.

Notes
Turn   | Place    | Note
-------+----------+-------------------------------------------
     0 | D:1      | Angani the Draconian Hedge Wizard began the quest for the
                  | Orb.
     0 | D:1      | Reached XP level 1. HP: 14/14 MP: 4/4
   228 | D:1      | Reached XP level 2. HP: 20/20 MP: 0/6
   528 | D:1      | HP: 1/20 [hobgoblin (1)]
   530 | D:1      | Slain by a hobgoblin

Illustrated notes

Levels and vault maps discovered:
D:1:      dpeg_arrival_water_fire, layout_basic

Skill      XL: |  1  2 |
---------------+-------+-----
Conjurations   | 2 |  2.1
Dodging        | |  1.7
Stealth        | |  1.7
Spellcasting   | |  3.4
Summonings     | |  1.0
Translocations | |  1.0

Action                     || total
---------------------------++-------
  Melee: Dagger            ||    12
         Short sword       ||     3
         Tailslap          ||     2
   Cast: Magic Dart        ||    28
 Armour: Skin              ||     3
  Dodge: Dodged            ||     9

Table legend: (Time is in decaauts)
 A = Elapsed time spent in this place.
 B = Non-inter-level travel time spent in this place.
 C = Inter-level travel time spent in this place.
 D = Time resting spent in this place.
 E = Time spent auto-exploring this place.
 F = Levels seen in this place.
 G = Mean time per level.
                   A        B        C        D        E       F      G
               +--------+--------+--------+--------+--------+-----+--------+
         Total |    530 |    530 |      0 |    110 |    311 |   1 |  530.0 |
       Dungeon |    530 |    530 |      0 |    110 |    311 |   1 |  530.0 |
               +--------+--------+--------+--------+--------+-----+--------+

Top non-repeatable levels by time:
     D:1: 530 daAuts
